Map: Orbital Shipyard

Players

Miszu - Winner!

  • Race: Terran Terran
  • League: Master

Lewiatan

  • Race: Protoss Protoss

VOD

Have the link to the VOD?

Description

Time

  • Played on: Feb. 6, 2016, 5:29 a.m.
  • Length: 5:16
Show
View Real Time Build Order
Export as new Build Order

Miszu Terran - Winner!

Build Orders: Hellion Opening 

Get SALT Encoding   

  12  0:02  SCV  
  13  0:14  SCV  
  14  0:18  Supply Depot  
  14  0:26  SCV  
  15  0:40  SCV  
  16  0:44  Refinery  
  16  0:47  Barracks  
  16  0:52  SCV  
  17  1:02  Refinery  
  17  1:04  SCV  
  18  1:16  SCV  
  19  1:34  Orbital Command  
  19  1:36  Marine  
  19  1:37  Factory  
  20  1:47  Supply Depot  
  20  1:54  Barracks Reactor  
  20  2:00  SCV  
  21  2:11  Factory  
  21  2:13  SCV  
  22  2:15  Supply Depot  
  22  2:26  SCV  
  23  2:34  Hellion x2  
  27  2:38  SCV  
  27  2:44  Supply Depot  
  28  2:50  SCV  
  29  2:55  Hellion  
  29  2:56  Hellion  
  29  2:58  Factory Tech Lab  
  33  3:10  SCV  
  34  3:16  Hellion  
  34  3:18  Hellion  
  38  3:23  Hellion  
  38  3:38  Hellion  
  38  3:39  Hellion  
  42  3:44  Hellion  
  43  3:59  Hellion  
  43  4:01  Hellion  
  45  4:05  Cyclone  
  46  4:15  SCV  
  45  4:20  Hellion  
  45  4:23  Hellion  
  49  4:27  SCV  
  46  5:03  SCV  
  46  5:05  Command Center  
Show
View Real Time Build Order
Export as new Build Order

Lewiatan Protoss 

Build Orders:  

Get SALT Encoding   

  12  0:01  Probe (Chrono Boost)  
  13  0:18  Probe (Chrono Boost)  
  13  0:19  Pylon  
  14  0:39  Gateway  
  14  0:41  Probe (Chrono Boost)  
  15  0:52  Probe (Chrono Boost)  
  15  0:53  Assimilator  
  16  1:02  Probe (Chrono Boost)  
  17  1:12  Pylon  
  17  1:13  Probe (Chrono Boost)  
  18  1:27  Cybernetics Core  
  18  1:29  Zealot  
  20  1:50  Probe (Chrono Boost)  
  21  1:56  Zealot  
  23  2:05  Warp Gate (Chrono Boost)  
  23  2:24  Adept  
  25  2:51  Adept  
  27  2:54  Nexus  
  27  2:57  Assimilator  
  27  3:18  Adept  
  24  3:45  Adept  
  17  4:08  Probe  
  15  4:12  Adept  
  16  4:20  Probe  
  16  4:21  Probe  
  18  4:32  Probe x2  
  16  4:39  Adept  
  16  4:42  Probe  
  16  4:44  Probe  
  10  4:53  Probe  
  10  4:56  Probe  
  7  5:03  Probe  
Tags
 
Add a new tag
Caveats
  • Supply blocks, unpowered buildings, or Contaminate may cause inaccurate times.
  • Supply counts are checked every 10 seconds.